 Dungeon Crawl Stone Soup version 0.31.0-9-g3a7656b989 (webtiles) character file.

Game seed: 8578817982492799335

466 qw the Shooter (level 6, -4/30 HPs)
             Began as a Spriggan Hunter on Feb 2, 2024.
             Slain by Pikel
             ... wielding a +0 whip of freezing
              (10 damage)
             ... on level 4 of the Dungeon.
             The game lasted 00:00:14 (3552 turns).

qw the Shooter (Spriggan Hunter)                    Turns: 3552, Time: 00:00:14

Health: -4/30      AC:  2    Str:  7    XL:     6   Next: 81%
Magic:  7/7        EV: 21    Int: 11    God:
Gold:   80         SH:  0    Dex: 20    Spells: 5/5 levels left

rFire   . . .        a - +2 shortbow
rCold   . . .        (shield currently unavailable)
rNeg    . . .        c - +0 robe
rPois   .            (helmet restricted)
rElec   .            (no cloak)
rCorr   .            (gloves unavailable)
SInv    +            (boots unavailable)
Will    ++...        (no amulet)
Stlth   ++           d - ring of willpower
HPRegen 0.25/turn    (no ring)
MPRegen 0.10/turn

%: no passive effects
@: about to teleport, very quick
A: very small, no large weapons, unfitting armour, see invisible, speed 3
a: no special abilities


You were on level 4 of the Dungeon.
You visited 1 branch of the dungeon, and saw 4 of its levels.
You also visited: Sewer.

You collected 208 gold pieces.
You spent 128 gold pieces at shops.


Innate Abilities, Weirdness & Mutations

You are very small and have problems with some larger weapons.
You are too small for most types of armour.
You have supernaturally acute eyesight. (SInv)
You cover ground extremely quickly. (Speed+++)


   Skills:
 - Level 2.1 Fighting
 + Level 6.8 Ranged Weapons
 - Level 6.0 Dodging
 - Level 1.5 Stealth


You had 5 spell levels left.
You didn't know any spells.
Your spell library was empty.

Inventory:

Hand Weapons
 a - a +2 shortbow (weapon)
Armour
 b - the +0 robe of Howling Wind {Rampage rF- rC+}
   (You bought it in a shop on level 4 of the Dungeon)

   rF-:       It makes you vulnerable to fire.
   rC+:       It protects you from cold.
   Rampage:   It bestows one free step when moving towards enemies.
 c - a +0 robe (worn)
Jewellery
 d - a ring of willpower (left hand)
 g - a +6 ring of strength
Scrolls
 e - a scroll of teleportation
Potions
 f - a potion of might
 h - a potion of ambrosia {unknown}
 i - a potion of curing
 j - a potion of attraction {unknown}
 k - a potion of resistance
 l - a potion of degeneration {unknown}

Dungeon Overview and Level Annotations

Branches:
Dungeon (4/15)              Sewer (visited)
 Temple: D:4-7

Altars:
Trog

Shops:
D:1 ?   D:4 [*

Annotations:
D:3 1 runed translucent door, qw's ghost, amateur DEHu
D:4 Pikel


Message History

You kill the lemure!
That felt strangely unrewarding.
You start resting.
HP restored.
A lemure comes into view.
The lemure shouts!
You hear a shout!
You shoot an arrow. The arrow barely misses the lemure.
You shoot an arrow. The arrow closely misses the lemure.
Pikel, Merchant of Souls comes into view.
He is wielding a +0 whip of freezing.
You shoot an arrow. The arrow hits the lemure.
The lemure is lightly wounded.
You shoot an arrow. The arrow hits the lemure!
The lemure is moderately wounded.
You shoot an arrow. The arrow hits the lemure!
The lemure is severely wounded.
The lemure barely misses you.
You shoot an arrow. The arrow closely misses the lemure.
The lemure misses you.
You shoot an arrow.
The arrow hits the lemure but does no damage.
The lemure is severely wounded.
The lemure hits you. The lemure misses you.
You shoot an arrow. The arrow hits the lemure.
The lemure is severely wounded.
The lemure hits you.
You shoot an arrow. The arrow hits the lemure.
The lemure is severely wounded.
The lemure hits you.
You shoot an arrow. The arrow hits the lemure.
The lemure is almost dead.
The lemure misses you.
Pikel hits you with a +0 whip of freezing!
Pikel freezes you.
3552 ||| READING 2 scrolls of teleportation.
As you read the scroll of teleportation, it crumbles to dust.
You feel strangely unstable. The lemure completely misses you.
Pikel hits you with a +0 whip of freezing!
You die...
Pikel says, "See you in Hell!"

.... #### #... ####
...# .###...##..#
...# ......$....#
...# ......|....#
...# .....5.....#
...####5.##.5.....#
......# ######5K#
......# ##...##@.#
......+ #........#
......##+##.......#
......#..##...##..#
......#..##...##..#
......#.......##..#
......#'###....#..#
######....#...##..#
#....######..#


You could see Pikel and a lemure.

Vanquished Creatures
  3 lemures (D:4)
  2 brain worms (Sewer)
  A bombardier beetle (D:3)
  A hound (D:4)
  An orc priest (D:3)
  Jessica (D:2)
  An orc wizard (D:3)
  5 adders
  7 river rats (Sewer)
  6 dart slugs
  2 ribbon worms
  3 orcs (D:3)
  9 ball pythons
  2 endoplasms
  4 giant cockroaches
  5 hobgoblins
  6 quokkas
  6 bats
  9 frilled lizards
  5 goblins
  A kobold (D:3)
  12 rats
92 creatures vanquished.

Notes
Turn   | Place    | Note
-------+----------+-------------------------------------------
     0 | D:1      | qw the Spriggan Hunter began the quest for the Orb.
     0 | D:1      | Reached XP level 1. HP: 10/10 MP: 2/2
     0 | D:1      | Noticed a troll
     0 | D:1      | 0 ||| qw: Version: 0.3-a-155-g5e7d8dd
     0 | D:1      | 0 ||| qw: Game counter: 706
     0 | D:1      | 0 ||| qw: Melee chars always use a shield: true
     0 | D:1      | 0 ||| qw: God list: Okawaru
     0 | D:1      | 0 ||| qw: Allow faded altars: false
     0 | D:1      | 0 ||| qw: Do Orc after clearing Dungeon:15 true
     0 | D:1      | 0 ||| qw: Do second Lair branch before Depths: true
     0 | D:1      | 0 ||| qw: Lair rune preference: random
     0 | D:1      | 0 ||| qw: Goals: Normal
     0 | D:1      | 0 ||| PLANNING D:1-11
     1 | D:1      | Noticed a gargoyle
     6 | D:1      | Noticed a demigod
     8 | D:1      | Noticed an armataur
    19 | D:1      | Noticed a ghoul
    55 | D:1      | Reached skill level 3 in Dodging
   110 | D:1      | Found Gosa's Magic Scroll Boutique.
   115 | D:1      | 115 ||| SHOPLISTING scroll of identify (28 gold, have 14).
   115 | D:1      | 115 ||| SHOPLISTING scroll of teleportation (42 gold, have
                  | 14).
   189 | D:1      | Reached XP level 2. HP: 7/14 MP: 3/3
   844 | D:1      | Reached XP level 3. HP: 18/18 MP: 4/4
   899 | D:1      | 899 ||| UPGRADING to ring of willpower.
   900 | D:1      | 900 ||| READING scroll labelled JAETWA TA KONG.
   901 | D:1      | 901 ||| READING scroll labelled URAUFI NUESSU.
   901 | D:1      | 901 ||| ENCHANTING +0 shortbow.
   902 | D:1      | 902 ||| READING scroll labelled YWIAXZO KEPINK.
   902 | D:1      | 902 ||| ENCHANTING +0 shortbow.
   903 | D:1      | 903 ||| DRINKING 2 fizzy orange potions.
   904 | D:1      | 904 ||| DROPPING scroll of butterflies.
  1100 | D:2      | Noticed Jessica
  1103 | D:2      | 1103 ||| DRINKING potion of haste.
  1109 | D:2      | Killed Jessica
  1128 | D:2      | 1128 ||| FLEEEEING.
  1131 | D:2      | 1131 ||| FLEEEEING.
  1140 | D:2      | Reached XP level 4. HP: 22/22 MP: 5/5
  1157 | D:2      | Found a faded altar of an unknown god.
  1677 | D:2      | 1677 ||| READING scroll labelled KUUMOC NICA.
  1678 | D:2      | 1678 ||| READING scroll labelled TESAECIOTU.
  1678 | D:2      | 1678 ||| IDENTIFYING purple potion
  2026 | D:3      | Found a bloodstained altar of Trog.
  2087 | D:3      | Found a runed translucent door.
  2090 | D:3      | Noticed an ogre
  2091 | D:3      | Noticed qw's ghost (amateur DEHu)
  2253 | D:3      | Reached XP level 5. HP: 26/26 MP: 6/6
  2710 | D:3      | 2710 ||| READING scroll labelled IXOESO YCYENI.
  2748 | D:3      | 2748 ||| DRINKING 2 murky purple potions.
  2749 | D:3      | 2749 ||| DRINKING 2 bubbling ruby potions.
  2750 | D:3      | 2750 ||| DROPPING potion of invisibility.
  2766 | D:4      | 2766 ||| PLANNING SEWER
  2807 | D:4      | Found Asacos's General Store.
  2826 | D:4      | 2826 ||| BUYING +0 robe of Howling Wind {Rampage rF- rC+}
                  | (84 gold).
  2826 | D:4      | Bought the +0 robe of Howling Wind {Rampage rF- rC+} for 84
                  | gold pieces
  2826 | D:4      | 2826 ||| BUYING potion of might (44 gold).
  2826 | D:4      | Bought a potion of might for 44 gold pieces
  2826 | D:4      | 2826 ||| SHOPLISTING scroll of enchant weapon (82 gold,
                  | have 74).
  2827 | D:4      | Found a glowing drain.
  2834 | Sewer    | Entered a sewer
  2880 | Sewer    | HP: 6/26 [river rat (9)]
  2881 | Sewer    | 2881 ||| DRINKING potion of heal wounds.
  2883 | Sewer    | Reached skill level 6 in Ranged Weapons
  2893 | Sewer    | Reached XP level 6. HP: 16/30 MP: 7/7
  2987 | Sewer    | Reached skill level 6 in Dodging
  3055 | Sewer    | 3055 ||| READING scroll of enchant weapon.
  3055 | Sewer    | 3055 ||| ENCHANTING +1 shortbow.
  3288 | Sewer    | 3288 ||| READING 2 scrolls labelled RODUXZ XAIGRUEBBAE.
  3289 | Sewer    | 3289 ||| DRINKING 2 brown potions.
  3290 | Sewer    | 3290 ||| DROPPING scroll of blinking.
  3327 | D:4      | 3327 ||| PLANNING D:1-11
  3357 | D:4      | Found Wues Wah's Antique Armour Emporium.
  3361 | D:4      | 3361 ||| SHOPLISTING slimy robe (131 gold, have 74).
  3453 | D:4      | 3453 ||| RETREEEEATING.
  3455 | D:4      | 3455 ||| RETREEEEATING.
  3456 | D:4      | 3456 ||| RETREEEEATING.
  3458 | D:4      | 3458 ||| RETREEEEATING.
  3460 | D:4      | 3460 ||| RETREEEEATING.
  3465 | D:4      | 3465 ||| RETREEEEATING.
  3467 | D:4      | 3467 ||| RETREEEEATING.
  3468 | D:4      | 3468 ||| RETREEEEATING.
  3470 | D:4      | 3470 ||| RETREEEEATING.
  3471 | D:4      | 3471 ||| RETREEEEATING.
  3472 | D:4      | 3472 ||| RETREEEEATING.
  3473 | D:4      | 3473 ||| RETREEEEATING.
  3543 | D:4      | Noticed Pikel
  3551 | D:4      | HP: 5/30 [Pikel/+0 whip of freezing (5)]
  3552 | D:4      | 3552 ||| READING 2 scrolls of teleportation.
  3552 | D:4      | Slain by Pikel

Levels and vault maps discovered:
D:1:      shiori_arrival_whats_in_store_for_you, layout_loops_corners,
          serial_shops, shop
D:2:      layout_loops_ring, hellmonk_ecumenical_altar_zigzags, uniq_jessica
D:3:      layout_basic, lemuel_tele_altar, ebering_ghost_inner_flame
D:4:      layout_gridville, portal_sewer_entry_b, serial_shops,
          nicolae_diamond_shop, shop, nicolae_shop_industrial_runoff, shop,
          shop, serial_bayou_lagoon_a, uniq_grinder, uniq_pikel

Skill      XL: |  1  2  3  4  5  6 |
---------------+-------------------+-----
Dodging        | 3 4 5 6 |  6.0
Ranged Weapons | 5 6 |  6.8
Fighting       | 2 |  2.1
Stealth        | |  1.5

Action                     |  1- 3 |  4- 6 || total
---------------------------+-------+-------++-------
   Fire: Shortbow          |    92 |   213 ||   305
    Use: Scroll            |     3 |     6 ||     9
         Potion            |     2 |     4 ||     6
 Armour: Robe              |    12 |    28 ||    40
  Dodge: Dodged            |    23 |   100 ||   123

Table legend:
 A = Non-vault XP
 B = Vault XP
 C = Vault XP percentage of total XP
 D = Non-vault monster count
 E = Vault monster count
 F = Vault count percentage of total count
                 A         B        C        D         E       F
            +---------+---------+-------+---------+---------+-------
      Total |     296 |     370 |  55.6 |      55 |      34 |  38.2
            +---------+---------+-------+---------+---------+-------
        D:1 |      41 |       0 |   0.0 |      22 |       0 |   0.0
        D:2 |      48 |      37 |  43.5 |      10 |       1 |   9.1
        D:3 |     152 |       0 |   0.0 |      17 |       0 |   0.0
        D:4 |      55 |      24 |  30.4 |       6 |       7 |  53.8
      Sewer |       0 |     309 | 100.0 |       0 |      26 | 100.0
            +---------+---------+-------+---------+---------+-------
